AA
MYRTLE BEACH SHOREBIRDS @ BAR HARBOR ISLANDERS
04/20/2060
 
TOP OF THE 1ST
Myrtle Beach Shorebirds batting - Pitching for Bar Harbor Islanders : RHP Branden Soper
Pitching: RHP Branden Soper
Batting: RHB Keyon Yamamoto 0-0: Called Strike
0-1: Reached on error, E7 (Flyball, 7S, EV 87.5 MPH)
Batting: RHB Deshazor Velasquez 0-0: Ball
1-0: Foul Ball, location: 2F
1-1: Called Strike
Keyon Yamamoto steals 2nd base
1-2: Ball
2-2: Ball
3-2: Foul Ball, location: 2F
3-2: SINGLE (Groundball, 34S, EV 73.1 MPH) (infield hit)
Keyon Yamamoto to third
Batting: RHB Joey Wilburn 0-0: Called Strike
0-1: Called Strike
0-2: Foul Ball, location: 2F
0-2: Strikes out swinging
Batting: RHB Ted Walker 0-0: Called Strike
0-1: Swinging Strike
0-2: Ball
1-2: Ball
2-2: Foul Ball, location: 2F
2-2: SINGLE (Groundball, 56D, EV 108.1 MPH)
Keyon Yamamoto scores
Deshazor Velasquez to second
Batting: RHB Trevor Tyus 0-0: Called Strike
0-1: Ball
1-1: Foul Ball, location: 2F
1-2: Grounds into double play, 5-4-3 (Groundball, 56, EV 83.8 MPH)
Top of the 1st over - 1 run, 2 hits, 1 error, 1 left on base; Myrtle Beach 1 - Bar Harbor 0
BOTTOM OF THE 1ST
Bar Harbor Islanders batting - Pitching for Myrtle Beach Shorebirds : RHP Evan Owens
Pitching: RHP Evan Owens
Batting: RHB Gareth Peraza 0-0: Ball
1-0: Ground out 3-1 (Groundball, 34, EV 81.2 MPH)
Batting: RHB Malcolm Taylor 0-0: Called Strike
0-1: Ball
1-1: Swinging Strike
1-2: Ball
2-2: Strikes out swinging
Batting: LHB Jeremy Morrell 0-0: Swinging Strike
0-1: Ball
1-1: Called Strike
1-2: Ball
2-2: Foul Ball, location: 2F
2-2: Ball
3-2: Fly out, F7 (Flyball, 7D, EV 92.5 MPH)
Bottom of the 1st over - 0 runs, 0 hits, 0 errors, 0 left on base; Myrtle Beach 1 - Bar Harbor 0
TOP OF THE 2ND
Myrtle Beach Shorebirds batting - Pitching for Bar Harbor Islanders : RHP Branden Soper
Batting: RHB Amani Hansen 0-0: Ball
1-0: Ball
2-0: Swinging Strike
2-1: Called Strike
2-2: Fly out, F9 (Line Drive, 89M, EV 88.8 MPH)
Batting: RHB Casey Dodd 0-0: Called Strike
0-1: Ground out 6-3 (Groundball, 6, EV 88.1 MPH)
Batting: SHB Evan Lind 0-0: Called Strike
0-1: Ball
1-1: Called Strike
1-2: Ground out 1-3 (Groundball, 13S, EV 66.2 MPH)
Top of the 2nd over - 0 runs, 0 hits, 0 errors, 0 left on base; Myrtle Beach 1 - Bar Harbor 0
BOTTOM OF THE 2ND
Bar Harbor Islanders batting - Pitching for Myrtle Beach Shorebirds : RHP Evan Owens
Batting: LHB Gibson Frantz 0-0: Ball
1-0: Ball
2-0: Swinging Strike
2-1: Ball
3-1: Foul Ball, location: 2F
3-2: Base on Balls
Batting: SHB Art Villani 0-0: Foul Ball, location: 2F
0-1: Fly out, F8 (Flyball, 8LM, EV 93.8 MPH)
Batting: RHB Andy Mandeville 0-0: Called Strike
0-1: Ball
1-1: Swinging Strike
1-2: Strikes out swinging
Batting: RHB Gaven Robinson 0-0: Ball
1-0: Ball
2-0: Foul Ball, location: 2F
2-1: Ball
3-1: Called Strike
3-2: Foul Ball, location: 2F
3-2: Fly out, F1 (Line Drive, P, EV 70.6 MPH)
Bottom of the 2nd over - 0 runs, 0 hits, 0 errors, 1 left on base; Myrtle Beach 1 - Bar Harbor 0
TOP OF THE 3RD
Myrtle Beach Shorebirds batting - Pitching for Bar Harbor Islanders : RHP Branden Soper
Batting: RHB Brendon Slagle 0-0: Ball
1-0: Called Strike
1-1: Foul Ball, location: 2F
1-2: Ball
2-2: Foul Ball, location: 2F
2-2: Ground out 6-3 (Groundball, 6, EV 90.0 MPH)
Batting: RHB Keyon Yamamoto 0-0: Ball
1-0: Called Strike
1-1: Ground out 5-3 (Groundball, 56S, EV 64.4 MPH)
Batting: RHB Deshazor Velasquez 0-0: Ball
1-0: Ball
2-0: Foul Ball, location: 2F
2-1: Swinging Strike
2-2: Ball
3-2: SOLO HOME RUN (Line Drive, 7D, EV 98.1 MPH), Distance : 377 ft
Batting: RHB Joey Wilburn 0-0: Ball
1-0: Ball
2-0: Ball
3-0: Called Strike
3-1: Fly out, F4 (Line Drive, 4, EV 70.6 MPH)
Top of the 3rd over - 1 run, 1 hit, 0 errors, 0 left on base; Myrtle Beach 2 - Bar Harbor 0
BOTTOM OF THE 3RD
Bar Harbor Islanders batting - Pitching for Myrtle Beach Shorebirds : RHP Evan Owens
Batting: RHB Caleb Carlson 0-0: Foul Ball, location: 2F
0-1: Ball
1-1: Ball
2-1: Foul Ball, location: 2F
2-2: Foul Ball, location: 2F
2-2: Fly out, F7 (Flyball, 7D, EV 98.1 MPH)
Batting: RHB Clayton Brubaker 0-0: Foul Ball, location: 2F
0-1: Foul Ball, location: 2F
0-2: Foul Ball, location: 2F
0-2: Ball
1-2: Strikes out swinging
Batting: RHB Gareth Peraza 0-0: Ball
1-0: Ball
2-0: Foul Ball, location: 2F
2-1: SINGLE (Groundball, 6M, EV 91.2 MPH) (infield hit)
Batting: RHB Malcolm Taylor 0-0: Ball
1-0: SINGLE (Groundball, 5D, EV 98.1 MPH)
Gareth Peraza to second
Batting: LHB Jeremy Morrell 0-0: Ball
1-0: Foul Ball, location: 2F
1-1: Fly out, F9 (Flyball, 89S, EV 90.6 MPH)
Bottom of the 3rd over - 0 runs, 2 hits, 0 errors, 2 left on base; Myrtle Beach 2 - Bar Harbor 0
TOP OF THE 4TH
Myrtle Beach Shorebirds batting - Pitching for Bar Harbor Islanders : RHP Branden Soper
Batting: RHB Ted Walker 0-0: Ball
1-0: Foul Ball, location: 2F
1-1: Foul Ball, location: 2F
1-2: Ball
2-2: SINGLE (Groundball, 56D, EV 103.8 MPH)
Batting: RHB Trevor Tyus 0-0: Fly out, F9 (Flyball, 89S, EV 81.9 MPH)
Batting: RHB Amani Hansen 0-0: Ball
1-0: Ball
2-0: Called Strike
2-1: Fly out, F9 (Flyball, 89S, EV 85.6 MPH)
Batting: RHB Casey Dodd 0-0: Ball
1-0: Ball
2-0: Fly out, F9 (Flyball, 9LS, EV 91.2 MPH)
Top of the 4th over - 0 runs, 1 hit, 0 errors, 1 left on base; Myrtle Beach 2 - Bar Harbor 0
BOTTOM OF THE 4TH
Bar Harbor Islanders batting - Pitching for Myrtle Beach Shorebirds : RHP Evan Owens
Batting: LHB Gibson Frantz 0-0: Ball
1-0: Ball
2-0: Ball
3-0: Base on Balls
Batting: SHB Art Villani 0-0: Ball
1-0: Called Strike
1-1: Called Strike
1-2: Ball
2-2: Foul Ball, location: 2F
2-2: Ball
3-2: Foul Ball, location: 2F
3-2: Foul Ball, location: 2F
3-2: Base on Balls
Gibson Frantz to second
Batting: RHB Andy Mandeville 0-0: Called Strike
0-1: Called Strike
0-2: Ball
1-2: Fly out, F8 (Flyball, 8LD, EV 99.4 MPH)
Batting: RHB Gaven Robinson 0-0: Swinging Strike
0-1: DOUBLE (Line Drive, 89D, EV 99.4 MPH)
Gibson Frantz scores
Art Villani to third
Batting: RHB Caleb Carlson 0-0: Reached on error, E5 (Groundball, 56S, EV 90.0 MPH)
Art Villani scores
Gaven Robinson to third
Batting: RHB Clayton Brubaker 0-0: Ball
1-0: Ball
2-0: Called Strike
2-1: Foul Ball, location: 2F
2-2: Grounds into double play, 4-6-3 (Groundball, 4, EV 88.8 MPH)
Bottom of the 4th over - 2 runs, 1 hit, 1 error, 1 left on base; Myrtle Beach 2 - Bar Harbor 2
TOP OF THE 5TH
Myrtle Beach Shorebirds batting - Pitching for Bar Harbor Islanders : RHP Branden Soper
Batting: SHB Evan Lind 0-0: Ball
1-0: SINGLE (Line Drive, 78S, EV 98.8 MPH)
Batting: RHB Brendon Slagle 0-0: Ball
1-0: Sac Bunt to 15S - play at first, batter OUT! 1-3
Evan Lind to second
Pitching: RHP Myles Schmitt
Batting: RHB Keyon Yamamoto 0-0: Swinging Strike
0-1: Ball
1-1: Foul Ball, location: 2F
1-2: Ball
2-2: Ball
3-2: Strikes out swinging
Batting: RHB Deshazor Velasquez 0-0: Called Strike
0-1: Foul Ball, location: 2F
0-2: Strikes out swinging
Top of the 5th over - 0 runs, 1 hit, 0 errors, 1 left on base; Myrtle Beach 2 - Bar Harbor 2
BOTTOM OF THE 5TH
Bar Harbor Islanders batting - Pitching for Myrtle Beach Shorebirds : RHP Evan Owens
Batting: RHB Gareth Peraza 0-0: Ball
1-0: Ball
2-0: Ball
3-0: Base on Balls
Batting: RHB Malcolm Taylor 0-0: Ball
1-0: Called Strike
1-1: Ball
2-1: TRIPLE (Flyball, 89XD, EV 96.2 MPH)
Gareth Peraza scores
Batting: LHB Jeremy Morrell 0-0: Called Strike
0-1: Ball
1-1: Ball
2-1: Swinging Strike
2-2: Ball
3-2: Strikes out looking
Batting: LHB Gibson Frantz 0-0: Called Strike
0-1: Foul Ball, location: 2F
0-2: Ball
1-2: Ball
2-2: Fly out, F2 (Popup, 2RF, EV 78.1 MPH)
Batting: SHB Art Villani 0-0: Called Strike
0-1: Swinging Strike
0-2: Strikes out looking
Bottom of the 5th over - 1 run, 1 hit, 0 errors, 1 left on base; Myrtle Beach 2 - Bar Harbor 3
TOP OF THE 6TH
Myrtle Beach Shorebirds batting - Pitching for Bar Harbor Islanders : RHP Myles Schmitt
Batting: RHB Joey Wilburn 0-0: Called Strike
0-1: Swinging Strike
0-2: Strikes out swinging
Batting: RHB Ted Walker 0-0: Swinging Strike
0-1: Ball
1-1: Foul Ball, location: 2F
1-2: Ball
2-2: Strikes out swinging passed ball, reaches first!
Batting: RHB Trevor Tyus 0-0: Fly out, F8 (Flyball, 78M, EV 80.6 MPH)
Batting: RHB Amani Hansen 0-0: Ball
1-0: SINGLE (Groundball, 4MD, EV 107.5 MPH)
Ted Walker to second
Runner from 2nd tries for 3rd, SAFE, throw by CF made at trailing runner, OUT! 8-6
Top of the 6th over - 0 runs, 1 hit, 0 errors, 1 left on base; Myrtle Beach 2 - Bar Harbor 3
BOTTOM OF THE 6TH
Bar Harbor Islanders batting - Pitching for Myrtle Beach Shorebirds : RHP Evan Owens
Pitching: LHP Austin McCollum
Batting: RHB Andy Mandeville 0-0: Ball
1-0: Foul Ball, location: 2F
1-1: Foul Ball, location: 2F
1-2: Strikes out swinging
Batting: RHB Gaven Robinson 0-0: Ball
1-0: Ball
2-0: Called Strike
2-1: DOUBLE (Line Drive, 78D, EV 111.9 MPH)
Batting: RHB Caleb Carlson 0-0: Called Strike
0-1: Ball
1-1: Ball
2-1: Swinging Strike
2-2: Ball
3-2: Strikes out swinging
Batting: RHB Clayton Brubaker 0-0: Ball
1-0: Ground out 5-3 (Groundball, 56S, EV 89.4 MPH)
Bottom of the 6th over - 0 runs, 1 hit, 0 errors, 1 left on base; Myrtle Beach 2 - Bar Harbor 3
TOP OF THE 7TH
Myrtle Beach Shorebirds batting - Pitching for Bar Harbor Islanders : RHP Myles Schmitt
Batting: RHB Casey Dodd 0-0: SINGLE (Flyball, 8LS, EV 86.9 MPH)
Batting: SHB Evan Lind 0-0: Sac Bunt to 15 - play at first, batter OUT! 1-3
Casey Dodd to second
Batting: RHB Brendon Slagle 0-0: Called Strike
0-1: Swinging Strike
0-2: Ball
1-2: Foul Ball, location: 2F
1-2: Ball
2-2: Foul Ball, location: 2F
2-2: SINGLE (Groundball, 6MD, EV 99.4 MPH)
Casey Dodd to third
Runner from 3rd tries for Home, throw by CF and OUT! 8-2
Brendon Slagle to second
Pitching: RHP Sawyer Hoffman
Batting: RHB Keyon Yamamoto 0-0: Ball
1-0: Ball
2-0: Called Strike
2-1: Ball
3-1: Base on Balls
Batting: RHB Deshazor Velasquez 0-0: Fly out, F8 (Line Drive, 89D, EV 106.9 MPH)
Top of the 7th over - 0 runs, 2 hits, 0 errors, 2 left on base; Myrtle Beach 2 - Bar Harbor 3
BOTTOM OF THE 7TH
Bar Harbor Islanders batting - Pitching for Myrtle Beach Shorebirds : LHP Austin McCollum
Batting: RHB Gareth Peraza 0-0: Ball
1-0: Ball
2-0: Foul Ball, location: 2F
2-1: SOLO HOME RUN (Flyball, 7D, EV 101.9 MPH), Distance : 364 ft
Batting: RHB Malcolm Taylor 0-0: Ball
1-0: Ground out 6-3 (Groundball, 6, EV 85.6 MPH)
Batting: LHB Jeremy Morrell 0-0: Ball
1-0: Ball
2-0: Called Strike
2-1: Ball
3-1: Foul Ball, location: 2F
3-2: Fly out, F9 (Line Drive, 89D, EV 94.4 MPH)
Batting: LHB Gibson Frantz 0-0: Called Strike
0-1: Called Strike
0-2: Foul Ball, location: 2F
0-2: Foul Ball, location: 2F
0-2: Ball
1-2: Foul Ball, location: 2F
1-2: Strikes out looking
Bottom of the 7th over - 1 run, 1 hit, 0 errors, 0 left on base; Myrtle Beach 2 - Bar Harbor 4
TOP OF THE 8TH
Myrtle Beach Shorebirds batting - Pitching for Bar Harbor Islanders : RHP Sawyer Hoffman
Batting: RHB Joey Wilburn 0-0: Ball
1-0: Foul Ball, location: 2F
1-1: Ball
2-1: Ball
3-1: Called Strike
3-2: Base on Balls
Batting: RHB Ted Walker 0-0: Swinging Strike
0-1: Ball
1-1: Foul Ball, location: 2F
1-2: Strikes out swinging
Batting: RHB Trevor Tyus 0-0: Called Strike
0-1: Foul Ball, location: 2F
0-2: Ball
1-2: Strikes out swinging
Batting: RHB Amani Hansen 0-0: Called Strike
0-1: Fly out, F9 (Flyball, 89S, EV 75.0 MPH)
Top of the 8th over - 0 runs, 0 hits, 0 errors, 1 left on base; Myrtle Beach 2 - Bar Harbor 4
BOTTOM OF THE 8TH
Bar Harbor Islanders batting - Pitching for Myrtle Beach Shorebirds : LHP Austin McCollum
Batting: SHB Art Villani 0-0: Ball
1-0: Ball
2-0: Ball
3-0: Called Strike
3-1: Base on Balls
Batting: RHB Andy Mandeville 0-0: Called Strike
0-1: Foul Ball, location: 2F
0-2: Foul Ball, location: 2F
0-2: Ball
1-2: Ball
2-2: Ball
3-2: Base on Balls
Art Villani to second
Batting: RHB Gaven Robinson 0-0: Called Strike
0-1: Called Strike
0-2: Ball
1-2: Strikes out swinging
Batting: RHB Caleb Carlson 0-0: Ball
1-0: Ball
2-0: Ball
3-0: Base on Balls
Art Villani to third
Andy Mandeville to second
Batting: RHB Clayton Brubaker 0-0: Called Strike
0-1: Swinging Strike
0-2: Foul Ball, location: 2F
0-2: Foul Ball, location: 2F
0-2: Ball
1-2: Foul Ball, location: 2F
1-2: Ball
2-2: Foul Ball, location: 2F
2-2: Ball
3-2: Strikes out swinging
Pitching: RHP T.J. Britton
Batting: RHB Gareth Peraza 0-0: Fielders Choice at 2nd, 6-4 (Groundball, 56, EV 106.2 MPH)
Bottom of the 8th over - 0 runs, 0 hits, 0 errors, 3 left on base; Myrtle Beach 2 - Bar Harbor 4
TOP OF THE 9TH
Myrtle Beach Shorebirds batting - Pitching for Bar Harbor Islanders : RHP Sawyer Hoffman
Pitching: RHP Jared Bedard
Batting: RHB Casey Dodd 0-0: Swinging Strike
0-1: Swinging Strike
0-2: Ball
1-2: Ball
2-2: Foul Ball, location: 2F
2-2: Fly out, F8 (Flyball, 8LM, EV 86.9 MPH)
Batting: SHB Evan Lind 0-0: SINGLE (Flyball, 78S, EV 93.8 MPH)
Batting: RHB Brendon Slagle 0-0: Ball
1-0: Ball
2-0: Called Strike
2-1: Foul Ball, location: 2F
2-2: Ball
3-2: Strikes out looking
Evan Lind is caught stealing 2nd base 2-4
Batter strikes out.
Top of the 9th over - 0 runs, 1 hit, 0 errors, 0 left on base; Myrtle Beach 2 - Bar Harbor 4
Monday, April 29th , 2024 - OOTP Baseball 23.10 Build 110